 Dungeon Crawl Stone Soup version 0.21-a0-163-g3aa3f5d (webtiles) character file.

10838 Lunath the Basher (level 11, -13/74 HPs)
             Began as a Gargoyle Gladiator on Aug 5, 2017.
             Was a High Priest of Okawaru.
             Mangled by Gastronok (16 damage)
             ... on level 9 of the Dungeon.
             The game lasted 00:18:26 (7971 turns).

Lunath the Basher (Gargoyle Gladiator)              Turns: 7971, Time: 00:18:27

Health: -13/74     AC: 22    Str: 21    XL:     11   Next: 68%
Magic:  14/14      EV: 17    Int: 13    God:    Okawaru [*****.]
Gold:   609        SH:  0    Dex: 18    Spells: 10/10 levels left

rFire    + + .     SeeInvis .   a - +3 flail
rCold    . . .     Gourm    +   (no shield)
rNeg     + . .     Faith    .   G - +5 leather armour of the Comet {rF++ Str+2}
rPois    ∞         Spirit   .   n - +1 helmet
rElec    +         Reflect  .   F - +2 cloak
rCorr    .         Harm     .   (no gloves)
MR       .....                  z - +0 pair of boots "Bibruis" {Slay+3 Stlth+}
Stlth    ++++......             t - amulet of the gourmand
HPRegen  0.22/turn              m - +4 ring of dexterity
MPRegen  0.14/turn              y - +5 ring of intelligence

@: heroism
A: negative energy resistance 1, electricity resistance, unbreathing,
petrification resistance, rot immunity, AC +7
a: Heroism, Finesse, Renounce Religion


You were on level 9 of the Dungeon.
You worshipped Okawaru.
Okawaru was extremely pleased with you.
You were completely stuffed.

You visited 2 branches of the dungeon, and saw 10 of its levels.

You collected 609 gold pieces.

Inventory:

Hand Weapons
 a - a +3 flail (weapon)
Missiles
 d - 3 throwing nets (quivered)
Armour
 i - a +0 chain mail
 n - a +1 helmet (worn)
 x - a +0 scale mail
 z - the +0 pair of boots "Bibruis" (worn) {Slay+3 Stlth+}
   (You found it on level 4 of the Dungeon)

   It affects your accuracy and damage with ranged weapons and melee attacks
   (+3).
   It makes you more stealthy.
 F - a +2 cloak (worn)
 G - the +5 leather armour of the Comet (worn) {rF++ Str+2}
   (You found it on level 9 of the Dungeon)

   It affects your strength (+2).
   It greatly protects you from fire.
Jewellery
 m - a +4 ring of dexterity (left hand)
 t - an amulet of the gourmand (around neck)
 u - an uncursed ring of ice
 v - a +4 ring of dexterity
 y - a +5 ring of intelligence (right hand)
Wands
 q - a wand of paralysis (18/24)
 r - a wand of scattershot (6/9)
 E - a wand of paralysis (18/24)
Scrolls
 b - 7 scrolls of remove curse
 c - a scroll of identify
 e - 2 scrolls of amnesia
 g - a scroll of recharging
 j - 7 scrolls of teleportation
 l - 2 scrolls of enchant armour
 C - a scroll of silence {unknown}
Potions
 k - a potion of cancellation
 p - 2 potions of brilliance
 s - 3 potions of curing
 w - a potion of lignification
 D - 5 potions of mutation
Comestibles
 f - 6 bread rations
 h - 6 chunks of flesh
 o - 21 fruits
 A - 8 meat rations
 B - 6 royal jellies


   Skills:
 + Level 11.1(16.1) Fighting
 - Level 14.0(19.0) Maces & Flails
 - Level 1.7(6.7) Throwing
 + Level 0.4(5.4) Armour
 - Level 2.4(7.4) Dodging
 + Level 5.2 Invocations


You had 10 spell levels left.
You didn't know any spells.

Dungeon Overview and Level Annotations

Branches:
Dungeon (9/15)             Temple (1/1) D:4
   Lair: D:8-11         Orc: D:9-12

Altars:
Ashenzari
Cheibriados
Dithmenos
Elyvilon
Fedhas
Gozag
Hepliaklqana
Kikubaaqudgha
Makhleb
Nemelex Xobeh
Okawaru
Qazlal
Ru
Trog
Uskayaw
Vehumet
Wu Jian
Xom
Yredelemnul
The Shining One

Annotations:
D:9 Gastronok


Innate Abilities, Weirdness & Mutations

You are resistant to torment.
Your stone body is resilient. (AC +7)
You are immune to poison.
You resist negative energy. (rN+)
You are resistant to electric shocks. (rElec)
You can survive without breathing.
You are immune to petrification.
You are immune to rotting.


Message History

You thump Gastronok!
Gastronok is almost dead.
The bat barely misses you. The worker ant closely misses you.
You thump Gastronok!
Gastronok is almost dead.
Gastronok waves his eye-stalks in wide circles.
The air twists around and strikes you!
Ouch! That really hurt!
* * * LOW HITPOINT WARNING * * *
The quokka bites you but does no damage.
The worker ant misses you.
You are too injured to fight recklessly!
You are too injured to fight recklessly!
You hit Gastronok.
Gastronok is almost dead.
The quokka misses you.
You hit Gastronok but do no damage.
Gastronok is almost dead.
The worker ant closely misses you. Gastronok bites you!
You die...

#.....# #.....#..._..⌠.....
#.....#............
##...##........_.#
#...##......_... #####
##'###....# ..# ....# ######.#
#....##b# #..
#......###.....ar##############.
#.####.........@w...............
#.###...##############...###....
#.##...##.. .## #..?##..##
#.#...##.# #..# #...#..##
#...^##.# #...# #....#..
#...##.# #### ...# ##.....#
#..##.# .... ..# ##...## #.##.#
..... #.####.#### #....+ ⌠y.⌠.
##(.....#..


You could see Gastronok, a worker ant, a quokka and a bat.

Vanquished Creatures
  A hydra (D:8)
  2 two-headed ogres (D:8)
  The ghost of tsouns the Cudgeler, a novice CeWz of Ashenzari (D:7)
  A wolf spider zombie (D:7)
  A centaur zombie (D:7)
  Joseph (D:9)
  4 centaur skeletons (D:7)
  2 hellwings
  Grinder (D:3)
  2 dream sheep (D:8)
  Prince Ribbit (D:9)
  A slime creature (D:9)
  A hippogriff (D:9)
  9 yaks
  Menkaure (D:4)
  2 ice beasts (D:8)
  2 sky beasts
  4 ogres
  3 centaurs
  4 big kobolds (D:8)
  A wyvern zombie (D:7)
  2 gnoll sergeants
  2 bullfrogs (D:6)
  A wyvern skeleton (D:8)
  A scorpion (D:9)
  3 howler monkeys (D:4)
  3 crimson imps
  2 orc priests
  5 hounds
  An orc wizard (D:4)
  11 jellies
  A bullfrog skeleton (D:8)
  Jessica (D:3)
  2 iguanas
  8 worker ants
  A killer bee zombie (D:8)
  A hound skeleton (D:5)
  A worker ant zombie (D:5)
  A howler monkey zombie (D:7)
  11 adders
  8 gnolls
  5 shadow imps
  16 oozes
  2 worms
  5 dart slugs
  8 leopard geckos
  25 orcs
  7 bats
  5 giant cockroaches
  12 goblins
  5 hobgoblins
  5 jackals
  6 quokkas
  2 ball pythons
  8 frilled lizards
  14 kobolds
  A quokka skeleton (D:6)
  8 rats
245 creatures vanquished.

Vanquished Creatures (others)
  2 fungi (D:9)
2 creatures vanquished.

Grand Total: 247 creatures vanquished

Notes
Turn   | Place    | Note
-------+----------+-------------------------------------------
     0 | D:1      | Lunath the Gargoyle Gladiator began the quest for the Orb.
     0 | D:1      | Reached XP level 1. HP: 12/12 MP: 1/1
   145 | D:1      | Reached XP level 2. HP: 18/18 MP: 2/2
   362 | D:1      | Reached XP level 3. HP: 20/22 MP: 3/3
   984 | D:2      | Reached skill level 4 in Maces & Flails
  1172 | D:2      | Reached XP level 4. HP: 28/28 MP: 4/4
  1626 | D:3      | Noticed Grinder
  1646 | D:3      | Killed Grinder
  1646 | D:3      | Reached skill level 5 in Maces & Flails
  1646 | D:3      | Reached XP level 5. HP: 8/34 MP: 5/5
  1646 | D:3      | Reached XP level 6. HP: 9/39 MP: 6/6
  1971 | D:3      | Noticed a dagger
  1985 | D:3      | Noticed a dagger
  1989 | D:3      | Found a hide-covered altar of Uskayaw.
  2153 | D:3      | Noticed Jessica
  2159 | D:3      | Killed Jessica
  2335 | D:3      | Reached skill level 6 in Maces & Flails
  2438 | D:4      | Reached skill level 5 in Fighting
  2465 | D:4      | Found a staircase to the Ecumenical Temple.
  2474 | Temple   | Entered the Ecumenical Temple
  2603 | Temple   | Became a worshipper of Warmaster Okawaru
  2632 | D:4      | Reached XP level 7. HP: 44/44 MP: 7/7
  2651 | D:4      | Got a pair of faintly glowing boots
  2684 | D:4      | Identified the cursed +0 pair of boots "Bibruis" {Slay+3 Stlth+} (You found it on level 4 of the Dungeon)
  2803 | D:4      | Noticed Menkaure
  2812 | D:4      | Killed Menkaure
  2812 | D:4      | Reached skill level 7 in Maces & Flails
  3236 | D:4      | Reached * piety under Okawaru
  3236 | D:4      | Reached XP level 8. HP: 23/51 MP: 8/8
  3450 | D:5      | Entered Level 5 of the Dungeon
  3615 | D:5      | Reached skill level 8 in Maces & Flails
  4668 | D:7      | Found an opulent altar of Gozag.
  4678 | D:7      | Noticed a hellwing
  4692 | D:7      | Reached ** piety under Okawaru
  4692 | D:7      | Reached skill level 9 in Maces & Flails
  4692 | D:7      | Reached XP level 9. HP: 55/57 MP: 6/9
  4695 | D:7      | Noticed tsouns's ghost (novice CeWz)
  4735 | D:6      | Killed a hellwing
  4960 | D:6      | Reached skill level 10 in Maces & Flails
  5011 | D:7      | Noticed a hellwing
  5307 | D:7      | Reached *** piety under Okawaru
  5392 | D:7      | Reached skill level 11 in Maces & Flails
  5396 | D:7      | Killed tsouns's ghost
  5396 | D:7      | Reached XP level 10. HP: 63/66 MP: 7/10
  5545 | D:7      | Reached **** piety under Okawaru
  5545 | D:7      | Reached skill level 12 in Maces & Flails
  5794 | D:7      | Found a bloodstained altar of Trog.
  6026 | D:8      | Noticed a two-headed ogre
  6035 | D:8      | Killed a two-headed ogre
  6035 | D:8      | Reached skill level 10 in Fighting
  6035 | D:8      | Reached skill level 1 in Invocations
  6219 | D:8      | Found a radiant altar of Vehumet.
  6228 | D:8      | Found a shadowy altar of Dithmenos.
  6446 | D:8      | Found a sparkling altar of Nemelex Xobeh.
  6499 | D:8      | Reached ***** piety under Okawaru
  6502 | D:8      | Reached skill level 13 in Maces & Flails
  6504 | D:8      | Reached XP level 11. HP: 61/73 MP: 10/13
  6529 | D:8      | Noticed a three-headed hydra
  6546 | D:8      | Killed a three-headed hydra
  6952 | D:9      | Noticed Prince Ribbit
  6955 | D:9      | Noticed a two-headed ogre
  7285 | D:8      | Killed a two-headed ogre
  7308 | D:9      | Noticed Joseph
  7552 | D:9      | Killed Joseph
  7675 | D:9      | Reached skill level 5 in Invocations
  7763 | D:9      | Killed Prince Ribbit
  7887 | D:9      | Reached skill level 14 in Maces & Flails
  7930 | D:9      | Got a scorched leather armour
  7931 | D:9      | Identified the +5 leather armour of the Comet {rF++ Str+2} (You found it on level 9 of the Dungeon)
  7951 | D:9      | Found an ornate altar of the Wu Jian Council.
  7951 | D:9      | Noticed Gastronok
  7958 | D:9      | Found a shimmering altar of Xom.
  7959 | D:9      | Found a shattered altar of Ashenzari.
  7969 | D:9      | HP: 3/74 [Gastronok/the air (40)]
  7971 | D:9      | Mangled by Gastronok

Vault maps used:
D:1:      shiori_arrival_oz, minmay_quantized
D:2:      first_bread, minmay_goblin_kobold_house
D:3:      dancing_weapons_uskayaw, uniq_grinder, uniq_jessica
D:4:      temple_fountains, kennysheep_diamond, minmay_crystal_water,
          uniq_menkaure
D:6:      kennysheep_boxes
D:7:      cheibrodos_grave_circle, lightli_temple_of_fire,
          nicolae_gozag_seed_capital
D:8:      lemuel_crystal_altar, fiery_altar_vehumet, hangedman_ranch,
          minmay_misc_feat_iff, nemelex_diamond_rough_becter
D:9:      lemuel_slime, lemuel_blue_sif_altar, grunt_temple_overflow_open,
          wad_hexagon, uniq_gastronok, uniq_joseph, uniq_prince_ribbit1
Temple:   jpeg_temple_clearing

Skill      XL: |  1  2  3  4  5  6  7  8  9 10 11 |
---------------+----------------------------------+-----
Fighting       | 3 4 5 6 7 9 10 11 | 11.1
Maces & Flails | 4 5 6 7 9 11 13 14 | 14.0
Invocations    | 3 5 |  5.2
Throwing       | |  1.7
Armour         | |  0.4
Dodging        | |  2.4

Action                   |  1- 3 |  4- 6 |  7- 9 | 10-12 || total
-------------------------+-------+-------+-------+-------++-------
Melee: Flail             |    84 |   147 |   279 |   359 ||   869
       Punch             |       |       |     1 |     7 ||     8
Invok: Heroism           |       |       |     4 |    16 ||    20
       Finesse           |       |       |       |     3 ||     3
  Use: Scroll            |       |       |    17 |     3 ||    20
       Potion            |       |       |     5 |       ||     5
 Stab: Sleeping          |       |     1 |       |       ||     1
  Eat: Chunk             |     1 |     5 |    24 |     9 ||    39
Armor: Leather armour    |     3 |       |       |     5 ||     8
       Ring mail         |    26 |    47 |       |       ||    73
       Scale mail        |       |    24 |   128 |       ||   152
       Chain mail        |       |       |    21 |   188 ||   209
       Skin              |       |       |    21 |       ||    21
Dodge: Dodged            |    56 |    92 |   175 |   197 ||   520
